 Dungeon Crawl Stone Soup version 0.26-a0-682-g294304f6e8 (webtiles) character file.

Game seed: 17401007635233157270

(classic levelgen) 1730 EnegeticOcto the Cudgeler (level 9, -65/60 HPs)
             Began as a Halfling Earth Elementalist on Oct 20, 2020.
             Was an Initiate of Ru.
             Killed from afar by a yak (79 damage)
             ... with an exploding inner flame
             ... hexed by the player character
             ... on level 7 of the Dungeon.
             The game lasted 00:12:29 (1880 turns).

EnegeticOcto the Cudgeler (HaEE)                    Turns: 1880, Time: 00:12:30

Health: -65/60     AC:  7    Str: 11    XL:     9   Next: 25%
Magic:  2/2        EV: 14    Int: 20    God:    Ru [......]
Gold:   147        SH:  0    Dex: 15    Spells: 8/11 levels left

rFire    x . .     SeeInvis .   h - +11 flail of the Genius {vorpal, rElec rF- rN+++ MP-9}
rCold    . . .     Faith    .   (shield restricted)
rNeg     + + +     Spirit   .   r - +0 ring mail
rPois    .         Reflect  .   (no helmet)
rElec    +         Harm     .   (no cloak)
rCorr    .         Rampage  .   q - +0 pair of gloves (curse)
MR       .....                  x - +0 pair of boots
Stlth    +.........             (no amulet)
HPRegen  0.20/turn              i - +6 ring of intelligence
MPRegen  0.08/turn              u - ring of positive energy

@: no status effects
A: small, mutation resistance 1
a: Renounce Religion


You were on level 7 of the Dungeon.
You worshipped Ru.
Ru was noncommittal.
You visited 2 branches of the dungeon, and saw 8 of its levels.

You collected 147 gold pieces.

Inventory:

Hand Weapons
 g - a +0 short sword
 h - the +11 flail of the Genius (weapon) {vorpal, rElec rF- rN+++ MP-9}
   (You found it on level 4 of the Dungeon)

   It inflicts extra damage upon your enemies.
   It makes you vulnerable to fire.
   It insulates you from electricity.
   It renders you almost immune to negative energy.
   It affects your magic capacity (-9).
Missiles
 b - 100 stones
 m - 48 poisoned darts (quivered)
 v - 7 boomerangs
Armour
 c - a +0 robe
 q - a cursed +0 pair of gloves (worn)
 r - a +0 ring mail (worn)
 x - a +0 pair of boots (worn)
Jewellery
 i - a +6 ring of intelligence (left hand)
 u - a ring of positive energy (right hand)
Wands
 n - a wand of paralysis (4)
Scrolls
 a - 4 scrolls of identify {unknown}
 e - 4 scrolls of teleportation {unknown}
 s - a scroll of fear {unknown}
 w - a scroll of magic mapping {unknown}
 y - a scroll of immolation
 z - a scroll of remove curse {unknown}
 A - a scroll of enchant armour {unknown}
Potions
 d - 3 potions of haste {unknown}
 f - 3 potions of heal wounds {unknown}
 j - a potion of resistance {unknown}
 k - 2 potions of stabbing {unknown}
 l - a potion of curing {unknown}
 o - 2 potions of might {unknown}
 p - 4 potions of brilliance {unknown}
 t - a potion of ambrosia {unknown}
 B - 2 potions of invisibility {unknown}


   Skills:
 + Level 4.9 Fighting
 * Level 7.2 Maces & Flails
 + Level 4.1 Dodging
 - Level 2.1 Stealth
 - Level 1.5 Spellcasting
 - Level 0.5 Transmutations
 - Level 4.3 Earth Magic
 + Level 2.9 Evocations


You had 8 spell levels left.
You knew the following spells:

 Your Spells              Type           Power        Failure   Level
a - Sandblast             Erth           ###...       7%          1
p - Passwall              Tmut/Erth      ##......     22%         2

Your spell library contained the following spells:

 Spells                   Type           Power        Failure   Level
 Stone Arrow              Conj/Erth      ##....       45%         3
 Petrify                  Tmut/Erth      ##......     83%         4
 Lee's Rapid Deconstruct  Erth           ###.......   88%         5


Dungeon Overview and Level Annotations

Branches:
Dungeon (7/15)             Temple (1/1) D:5

Altars:
Ashenzari
Elyvilon
Hepliaklqana
Kikubaaqudgha
Makhleb
Nemelex Xobeh
Okawaru
Ru
Sif Muna
Trog
Uskayaw
Vehumet
Wu Jian
Xom
Yredelemnul
Zin

Shops:
D:5 *


Innate Abilities, Weirdness & Mutations

You are small and have problems with some larger weapons.
You are somewhat resistant to further mutation.


Message History

You bludgeon the kobold!!
You kill the kobold!
You feel sick. The kobold closely misses you.
You thump the kobold!
You kill the kobold!
m - 40 poisoned darts (gained 1)
Items here: )) †††.
You feel sick.
You are no longer poisoned.
m - 41 poisoned darts (gained 1)
m - 42 poisoned darts (gained 1)
m - 44 poisoned darts (gained 2)
Items here: )) †††.
m - 47 poisoned darts (gained 3)
Items here: ( )) †††.
m - 51 poisoned darts (gained 4)
Items here: ( ))) †.
m - 53 poisoned darts (gained 2)
You see here a +0 whip.
p - 4 smoky white potions (gained 1)
Found a metallic cyan potion.
Found a ring mail.
B - 2 metallic cyan potions (gained 1)
A centaur comes into view.
The centaur shouts!
You hear a bellow!
The centaur barely misses you. The centaur hits you.
A yak comes into view.
You thump the centaur!
The centaur is severely wounded.
The centaur hits you but does no damage.
The centaur closely misses you.
You hit the centaur.
The centaur is almost dead.
The centaur closely misses you. The centaur misses you.
You thump the centaur!
You kill the centaur!
Your Maces & Flails skill increases to level 7!
Throwing (i - inventory. (/) - cycle)
m - 53 poisoned darts (quivered)
Press: ? - help, Shift-Dir - straight line, f - yak
Aim: a yak You throw a poisoned dart.
The poisoned dart hits the yak.
The yak is poisoned.
Throwing (i - inventory. (/) - cycle)
m - 52 poisoned darts (quivered)
Press: ? - help, Shift-Dir - straight line, f/p - yak
Aim: a yak (poisoned)
You throw a poisoned dart.
The poisoned dart closely misses the yak.
Throwing (i - inventory. (/) - cycle)
m - 51 poisoned darts (quivered)
Press: ? - help, Shift-Dir - straight line, f/p - yak
Aim: a yak (poisoned)
You throw a poisoned dart. The poisoned dart hits the yak.
The yak looks even sicker.
You sock the yak!
The yak is moderately wounded.
The yak gores you.
You sock the yak!
The yak is severely wounded.
The yak gores you.
* * * LOW HITPOINT WARNING * * *
You hit the yak.
The yak is almost dead.
The yak closely misses you.
You completely miss the yak.
The yak is almost dead.
The yak barely misses you.
You sock the yak!
You kill the yak!
Your Dodging skill increases to level 4! 2 yaks come into view.
The yak bellows!
You see here a poisoned dart.
You see here a poisoned dart.
You see here a poisoned dart.
As you read the scroll labeled BARIGEXZUE, it crumbles to dust.
The creatures around you are filled with an inner flame!
It was a scroll of immolation.
You sock the yak!
Flame seeps out of the yak. x2
The yak is moderately wounded.
The yak is engulfed in blazing flames.
Flame seeps out of the yak.
The yak closely misses you.
The yak is engulfed in blazing flames.
Flame seeps out of the yak.
Throwing (i - inventory. (/) - cycle)
m - 50 poisoned darts (quivered)
Press: ? - help, Shift-Dir - straight line, f - yak
Aim: a yak (almost dead, inner flame)
You throw a poisoned dart.
The poisoned dart closely misses the yak.
The yak gores you.
* * * LOW HITPOINT WARNING * * *
Throwing (i - inventory. (/) - cycle)
m - 49 poisoned darts (quivered)
Press: ? - help, Shift-Dir - straight line, f/p - yak
Aim: a yak (almost dead, inner flame)
You throw a poisoned dart. The poisoned dart hits the yak.
The yak is poisoned.
The yak is almost dead.
Flame seeps out of the yak.
The yak is engulfed in blazing flames.
The yak explodes!
The fiery explosion engulfs the yak!!
Flame seeps out of the yak.
The yak is severely wounded.
The fiery explosion engulfs you!!!! The fire burns you terribly!
Ouch! That really hurt!
You die...

#..............#
####.#....
##(###########.#
#.#...# #(# .#
#.#.... #(# .#
#.#.#.. #Y# .#
#.... #.# .#
##### #.# .#
#.###########.#
#.........Y○@.#
#.#############
#.# #.# ###


You could see a yak (inner flame).

Vanquished Creatures
  A yak (D:7)
  An orc warrior (D:6)
  An ice beast (D:6)
  An ogre (D:6)
  A phantom (D:5)
  4 centaurs
  A big kobold (D:7)
  2 bullfrogs (D:6)
  3 scorpions
  A water moccasin skeleton (D:5)
  A hound (D:6)
  An orc priest (D:4)
  A bullfrog skeleton (D:5)
  An iguana (D:6)
  2 orc wizards
  3 worker ants
  3 hound zombies
  3 gnolls (D:6)
  10 adders
  2 shadow imps
  2 white imps
  An ufetubus (D:6)
  2 adder skeletons
  A worm (D:3)
  2 leopard geckos
  22 orcs
  6 bats
  3 giant cockroaches
  2 goblins
  A hobgoblin (D:1)
  7 jackals
  8 kobolds
  2 quokkas
  2 ball pythons
  2 frilled lizards
  2 rats
108 creatures vanquished.

Notes
Turn   | Place    | Note
-------+----------+-------------------------------------------
     0 | D:1      | EnegeticOcto the Halfling Earth Elementalist began the
                  | quest for the Orb.
     0 | D:1      | Reached XP level 1. HP: 11/11 MP: 3/3
    82 | D:1      | Reached XP level 2. HP: 16/17 MP: 0/4
   187 | D:2      | Found an ancient bone altar of Kikubaaqudgha.
   207 | D:3      | Reached skill level 4 in Earth Magic
   207 | D:3      | Reached XP level 3. HP: 19/21 MP: 0/5
   234 | D:4      | Got a jewelled flail
   234 | D:4      | Identified the +11 flail of the Genius {vorpal, rElec rF-
                  | rN+++ MP-9} (You found it on level 4 of the Dungeon)
   311 | D:3      | Reached XP level 4. HP: 16/27 MP: 0/6
   354 | D:2      | Reached skill level 1 in Maces & Flails
   390 | D:4      | Noticed a phantom
   411 | D:5      | Entered Level 5 of the Dungeon
   426 | D:5      | Found Kytzaxzo's General Store.
   428 | D:5      | Reached skill level 1 in Fighting
   433 | D:5      | Found a staircase to the Ecumenical Temple.
   443 | Temple   | Entered the Ecumenical Temple
   611 | D:5      | Reached skill level 2 in Maces & Flails
   614 | D:5      | Reached XP level 5. HP: 31/33 MP: 0/7
   732 | D:5      | Killed a phantom
   732 | D:5      | Reached skill level 2 in Fighting
   732 | D:5      | Reached skill level 3 in Maces & Flails
   732 | D:5      | Reached XP level 6. HP: 22/40 MP: 0/8
   758 | D:4      | Found an ornate altar of the Wu Jian Council.
   875 | D:4      | Found a sparkling altar of Nemelex Xobeh.
  1006 | D:4      | You fall into a shaft and drop 2 floors!
  1008 | D:6      | Noticed an orc warrior
  1022 | D:6      | Killed an orc warrior
  1022 | D:6      | Reached skill level 3 in Fighting
  1022 | D:6      | Reached skill level 4 in Maces & Flails
  1022 | D:6      | Reached XP level 7. HP: 35/46 MP: 0/9
  1077 | D:6      | Reached skill level 5 in Maces & Flails
  1199 | D:5      | Reached XP level 8. HP: 49/54 MP: 1/10
  1309 | D:5      | Found a hide-covered altar of Uskayaw.
  1311 | D:5      | Found a broken altar of Ashenzari.
  1317 | D:5      | Learned a level 2 spell: Passwall
  1412 | D:6      | Reached skill level 4 in Fighting
  1451 | D:6      | Reached skill level 6 in Maces & Flails
  1484 | D:6      | Reached skill level 1 in Evocations
  1689 | D:6      | Found a sacrificial altar of Ru.
  1698 | D:6      | Reached skill level 3 in Dodging
  1700 | D:6      | Became a worshipper of Ru the Awakened
  1712 | D:6      | Reached skill level 2 in Evocations
  1765 | D:7      | Reached XP level 9. HP: 28/59 MP: 2/11
  1833 | D:7      | Reached skill level 7 in Maces & Flails
  1857 | D:7      | Reached skill level 4 in Dodging
  1880 | D:7      | Killed from afar by a yak

Illustrated notes

Levels and vault maps discovered:
D:1:      dpeg_arrival_lava_altar, layout_rooms
D:2:      layout_basic, old_standard_altar, old_standard_altar, uniq_jessica
D:3:      layout_basic, roderic_lattice_a
D:4:      layout_rooms, nicolae_overflow_crystal_walls, nemelex_altar_shiori
D:5:      layout_basic, nicolae_overflow_hidden_temple,
          minmay_temple_entry_grid, serial_shops, kennysheep_mini,
          ebering_ghost_gozag, minivault_26
D:6:      layout_loops_ring, nicolae_ru_great_annihilating_truth
D:7:      layout_basic, uniq_crazy_yiuf_cottage
Temple:   dpeg_chambers_temple

Skill      XL: |  1  2  3  4  5  6  7  8  9 |
---------------+----------------------------+-----
Earth Magic    | 4 |  4.3
Maces & Flails | 2 3 4 5 6 7 |  7.2
Fighting       | 1 2 3 4 |  4.9
Evocations     | 2 |  2.9
Dodging        | 3 4 |  4.1
Stealth        | |  2.1
Spellcasting   | |  1.5
Transmutations | |  0.5

Action                   |  1- 3 |  4- 6 |  7- 9 || total
-------------------------+-------+-------+-------++-------
Melee: Unarmed           |     9 |       |       ||     9
       Short sword       |    11 |       |       ||    11
       Flail             |    18 |    64 |   131 ||   213
Throw: Dart              |       |       |     5 ||     5
 Cast: Sandblast         |    14 |       |       ||    14
Evoke: Wand              |       |     1 |       ||     1
  Use: Scroll            |       |       |     1 ||     1
 Stab: Sleeping          |       |     1 |       ||     1
       Paralysed         |       |     6 |     1 ||     7
Armor: Robe              |     8 |     3 |       ||    11
       Ring mail         |       |     6 |    35 ||    41
Dodge: Dodged            |    49 |    38 |    96 ||   183

Table legend: (Time is in decaauts)
 A = Elapsed time spent in this place.
 B = Non-inter-level travel time spent in this place.
 C = Inter-level travel time spent in this place.
 D = Time resting spent in this place.
 E = Time spent auto-exploring this place.
 F = Levels seen in this place.
 G = Mean time per level.
                   A        B        C        D        E       F      G
               +--------+--------+--------+--------+--------+-----+--------+
         Total |   1920 |   1824 |     96 |      0 |      0 |   8 |  240.0 |
       Dungeon |   1762 |   1666 |     96 |      0 |      0 |   7 |  251.7 |
        Temple |    157 |    157 |      0 |      0 |      0 |   1 |  157.0 |
               +--------+--------+--------+--------+--------+-----+--------+

Top non-repeatable levels by time:
     D:6: 471 daAuts
     D:5: 389 daAuts
     D:4: 358 daAuts
     D:7: 201 daAuts
  Temple: 157 daAuts
     D:3: 117 daAuts
     D:1: 111 daAuts
     D:2: 111 daAuts
